 Dungeon Crawl Stone Soup version 0.26-a0-597-gb535b0901c (webtiles) character file.

Game seed: 12189507651400307296

1 Lanoc the Skirmisher (level 1, -2/18 HPs)
             Began as a Formicid Chaos Knight on Sept 3, 2020.
             Was a Plaything of Xom.
             Splashed by a jelly's acid (6 damage)
             ... on level 2 of the Dungeon.
             The game lasted 00:00:17 (91 turns).

Lanoc the Skirmisher (Formicid Chaos Knight)          Turns: 91, Time: 00:00:18

Health: -2/18      AC:  1    Str: 16    XL:     1   Next: 22%
Magic:  1/1        EV:  6    Int: 11    God:    Xom [......]
Gold:   0          SH: 10    Dex: 10    Spells: 0/0 levels left

rFire    . . .     SeeInvis +   a - +0 mace (chaos)
rCold    . . .     Faith    .   c - +0 tower shield
rNeg     . . .     Spirit   .   b - +2 leather armour
rPois    .         Reflect  .   (helmet unavailable)
rElec    .         Harm     .   (no cloak)
rCorr    .                      (no gloves)
MR       .....                  (no boots)
Stlth    +.........             (no amulet)
HPRegen  0.06/turn              (no ring)
MPRegen  0.07/turn              (no ring)

@: brilliant, corroded
A: permanent stasis, dig shafts and tunnels, four strong arms, antennae 3
a: Dig, Shaft Self, Renounce Religion


You were on level 2 of the Dungeon.
You worshipped Xom.
You were a very special plaything of Xom.
You visited 1 branch of the dungeon, and saw 2 of its levels.

Inventory:

Hand Weapons
 a - a +0 mace of chaos (weapon)
Armour
 b - a +2 leather armour (worn)
 c - a +0 tower shield (worn)


   Skills:
 + Level 3.3 Fighting
 * Level 3.0 Maces & Flails
 + Level 2.2 Armour
 + Level 0.8 Dodging
 * Level 0.2 Shields


You couldn't memorise any spells.
You didn't know any spells.
Your spell library was empty.

Dungeon Overview and Level Annotations

Branches:
Dungeon (2/15)

Altars:


Innate Abilities, Weirdness & Mutations

You cannot be hasted, slowed, berserked, paralysed or teleported.
You can dig through walls and to a lower floor.
Your four strong arms can wield two-handed weapons with a shield.
You have a pair of large antennae on your head. (SInv)


Message History

A frilled lizard and a jelly come into view.
Found a stone staircase leading up.
There is a stone staircase leading up here.
Xom smiles on you.
You feel clever all of a sudden.
You are now a very special plaything of Xom.
You hit the jelly. Lightning courses through the jelly!
Your hands burn!
The jelly is severely wounded.
You block the jelly's attack.
You hit the jelly but do no damage. The acid corrodes you!
Your hands burn!
The jelly is severely wounded.
The jelly hits you but does no damage. You block the jelly's attack.
You are too injured to fight recklessly!
You hit the jelly.
Your hands burn!
The jelly is severely wounded.
The jelly hits you.
* * * LOW HITPOINT WARNING * * *
You are splashed with acid.
You die...
Xom thinks this is hilarious! ## #. #. #. #. #. #.########. #.<@J...... #.########. #. #. #< #. #. #l

You could see a jelly.

Vanquished Creatures
  A kobold (D:1)
1 creature vanquished.

Notes
Turn   | Place    | Note
-------+----------+-------------------------------------------
     0 | D:1      | Lanoc the Formicid Chaos Knight began the quest for the
                  | Orb.
     0 | D:1      | Reached XP level 1. HP: 18/18 MP: 1/1
     5 | D:1      | XOM: divination: magic mapping
    87 | D:2      | Noticed a jelly
    88 | D:2      | XOM: potion effect (brilliance)
    91 | D:2      | Splashed by a jelly's acid

Illustrated notes

Levels and vault maps discovered:
D:1:      minmay_arrival_four_circles, layout_basic
D:2:      minmay_recursive_quarters, layout_loops_ring, minmay_gold_behind_fungi

Action                   || total
-------------------------++-------
Melee: Mace              ||     4
Armor: Leather armour    ||     1
Dodge: Dodged            ||     2
Block: Tower shield      ||     4

Table legend: (Time is in decaauts)
 A = Elapsed time spent in this place.
 B = Non-inter-level travel time spent in this place.
 C = Inter-level travel time spent in this place.
 D = Time resting spent in this place.
 E = Time spent auto-exploring this place.
 F = Levels seen in this place.
 G = Mean time per level.
                   A        B        C        D        E       F      G
               +--------+--------+--------+--------+--------+-----+--------+
         Total |     91 |     91 |      0 |      0 |     64 |   2 |   45.5 |
       Dungeon |     91 |     91 |      0 |      0 |     64 |   2 |   45.5 |
               +--------+--------+--------+--------+--------+-----+--------+

Top non-repeatable levels by time:
     D:1: 87 daAuts
     D:2: 4 daAuts
